 Dungeon Crawl Stone Soup version 0.21.1-1-g345015fe64 (webtiles) character file.

407 NullDivider the Charlatan (level 6, 0/32 HPs)
             Began as a Spriggan Artificer on May 10, 2018.
             Killed from afar by an orc wizard (6 damage)
             ... with a magic dart
             ... on level 4 of the Dungeon.
             The game lasted 00:13:28 (5588 turns).

NullDivider the Charlatan (Spriggan Artificer)      Turns: 5588, Time: 00:13:29

Health: 0/32       AC:  2    Str:  8    XL:     6   Next: 57%
Magic:  10/10      EV: 21    Int: 12    God:
Gold:   103        SH:  0    Dex: 19    Spells: 5/5 levels left

rFire    . . .     SeeInvis +   a - +0 short sword
rCold    . . .     Gourm    .   (shield restricted)
rNeg     . . .     Faith    .   b - +0 robe
rPois    .         Spirit   .   (helmet restricted)
rElec    .         Reflect  .   (no cloak)
rCorr    .         Harm     .   (gloves unavailable)
MR       +....                  (boots unavailable)
Stlth    +++.......             (no amulet)
HPRegen  0.10/turn              (no ring)
MPRegen  0.12/turn              (no ring)

@: very quick
A: very small, unfitting armour, see invisible, herbivore, speed 3, slow
metabolism 2
a: no special abilities


You were on level 4 of the Dungeon.
You were very hungry.

You visited 1 branch of the dungeon, and saw 4 of its levels.

You collected 103 gold pieces.

Inventory:

Hand Weapons
 a - a +0 short sword (weapon)
Armour
 b - a +0 robe (worn)
Wands
 c - a wand of flame (10)
 d - a wand of enslavement (15)
Scrolls
 e - 3 scrolls of amnesia {unknown}
 g - a scroll of enchant weapon
 h - 2 scrolls of identify
 i - a scroll of teleportation
 j - 2 scrolls of fog
 m - a scroll of magic mapping {unknown}
 o - a scroll of blinking {unknown}
Potions
 k - a potion of berserk rage
 l - a potion of flight
 n - 4 potions of brilliance
 p - a potion of heal wounds {unknown}
Comestibles
 f - 7 rations


   Skills:
 * Level 2.9 Fighting
 * Level 4.0 Short Blades
 + Level 4.8 Dodging
 + Level 4.1 Stealth
 + Level 5.2 Evocations


You had 5 spell levels left.
You didn't know any spells.

Dungeon Overview and Level Annotations

Branches:
Dungeon (4/15)
 Temple: D:4-7

Altars:


Innate Abilities, Weirdness & Mutations

You are very small and have problems with some larger weapons.
You are too small for most types of armour.
You have supernaturally acute eyesight. (SInv)
You are a herbivore.
You cover ground extremely quickly.
You need consume almost no food.


Message History

The orc priest is almost dead.
The orc priest mumbles some strange prayers to Beogh against you.
Beogh smites you!
* * * LOW HITPOINT WARNING * * *
The orc priest miscasts a cantrip.
Evoke which item? (* to show all) (? for menu, Esc to quit)
Aiming: Throw Flame
Press: ? - help, Shift-Dir - straight line, f - orc priest
Aim: an orc priest (almost dead)
The puff of flame misses the orc priest.
Evoke which item? (* to show all) (? for menu, Esc to quit)
Aiming: Throw Flame
Press: ? - help, Shift-Dir - straight line, f/p - orc priest
Aim: an orc priest (almost dead)
The puff of flame hits the orc priest.
You kill the orc priest!
Your Short Blades skill increases to level 4!
The orc wizard points at you and mumbles some strange words.
The magic dart hits you!
You die...

.......#.#.......#### #.#
...#.#.#............# #.##
...#.#.........#.##.#.....
...#.#.....#####.##'#.....
...#.#.....#####..........#
.....#..<.................#
.######....#####..........#
..............)#..#'#.....#
...........###[#@...#.....#
...........#.....#..#.....#
#.......####.#.###.o#......
#..........#.#.# .... ..#
#####......#.#.. .....
...........#.###. ...#..
...........#. . ........
...........#..# ##
####.....###..##


You could see an orc wizard.

Vanquished Creatures
  2 howler monkeys
  2 orc priests
  An orc wizard (D:3)
  4 gnolls
  9 adders
  2 oozes (D:2)
  5 dart slugs
  5 leopard geckos
  17 orcs
  5 giant cockroaches
  5 goblins
  5 hobgoblins
  3 jackals
  3 quokkas
  3 ball pythons
  8 bats
  4 frilled lizards
  8 kobolds
  8 rats
99 creatures vanquished.

Notes
Turn   | Place    | Note
-------+----------+-------------------------------------------
     0 | D:1      | NullDivider the Spriggan Artificer began the quest for the Orb.
     0 | D:1      | Reached XP level 1. HP: 9/9 MP: 4/4
   207 | D:1      | Reached skill level 1 in Fighting
   207 | D:1      | Reached XP level 2. HP: 8/14 MP: 6/6
   974 | D:2      | Reached XP level 3. HP: 18/18 MP: 7/7
  1884 | D:2      | Reached XP level 4. HP: 18/23 MP: 8/8
  2953 | D:3      | Reached XP level 5. HP: 26/26 MP: 9/9
  4541 | D:3      | Reached skill level 5 in Evocations
  4575 | D:3      | Reached XP level 6. HP: 18/32 MP: 10/10
  5588 | D:4      | Killed from afar by an orc wizard

Skill      XL: |  1  2  3  4  5  6 |
---------------+-------------------+-----
Fighting       | 1 2 |  2.9
Stealth        | 2 3 4 |  4.1
Short Blades   | 2 3 4 |  4.0
Dodging        | 4 |  4.8
Evocations     | 5 |  5.2

Action                   |  1- 3 |  4- 6 || total
-------------------------+-------+-------++-------
Melee: Short sword       |   168 |   325 ||   493
Evoke: Wand              |     1 |    19 ||    20
  Use: Scroll            |       |     7 ||     7
 Stab: Sleeping          |    11 |     3 ||    14
       Distracted        |       |     1 ||     1
  Eat: Ration            |       |     1 ||     1
Armor: Robe              |    11 |    17 ||    28
Dodge: Dodged            |   123 |   279 ||   402
